 Dungeon Crawl Stone Soup version 0.18-a0-1637-g109f206 (webtiles) character file.

35 dohliylev the Sneak (level 3, -1/25 HPs)
             Began as a Vampire Enchanter on Mar 26, 2016.
             Slain by a worm (3 damage)
             ... on level 2 of the Dungeon.
             The game lasted 00:06:57 (981 turns).

dohliylev the Sneak (Vampire Enchanter)              Turns: 981, Time: 00:06:58

Health: -1/25      AC:  5    Str:  7    XL:     3   Next: 17%
Magic:  5/6        EV: 12    Int: 17    God:
Gold:   55         SH:  0    Dex: 15    Spells: 2 memorised, 3 levels left

rFire  . . .     SeeInvis +     i - -3 dagger (curse)
rCold  . . .     Gourm    .     b - +2 robe
rNeg   + . .     Faith    .     (no shield)
rPois  .         Spirit   .     (no helmet)
rElec  .         Dismiss  .     (no cloak)
rCorr  .         Reflect  .     n - +0 pair of gloves
SustAt .         Harm     .     (no boots)
MR     .....                    (no amulet)
Stlth  ++++......               (no ring)
                                f - ring of wizardry

@: not resistant to hostile enchantments, stealthy
A: fangs 3, see invisible, unbreathing
a: Bat Form


You were on level 2 of the Dungeon.
You were not thirsty.

You visited 1 branch of the dungeon, and saw 2 of its levels.

You collected 55 gold pieces.

Inventory:

Hand Weapons
 a - a +1 dagger
 h - a +0 dagger
 i - a cursed -3 dagger (weapon)
 l - a +0 dagger
Missiles
 m - 14 poisoned needles
Armour
 b - a +2 robe (worn)
 n - a +0 pair of gloves (worn)
Jewellery
 f - a ring of wizardry (left hand)
Potions
 d - 9 potions of blood
 g - a potion of might {unknown}
Books
 c - a book of Maledictions

   Spells                             Type                      Level
   a - Corona                         Hexes                        1
   b - Ensorcelled Hibernation        Hexes/Ice                    2
   c - Confuse                        Hexes                        3
   d - Tukima's Dance                 Hexes                        3
   e - Dazzling Spray                 Conjuration/Hexes            3


   Skills:
 + Level 0.6 Fighting
 + Level 1.1 Short Blades
 - Level 2.1 Dodging
 * Level 6.3 Stealth
 - Level 2.0 Spellcasting
 - Level 4.4 Hexes


You had 3 spell levels left.
You knew the following spells:

 Your Spells              Type           Power        Failure   Level  Hunger
a - Corona                Hex            ###....      1%          1    #......
b - Ensorcelled Hibernat  Hex/Ice        #.....       6%          2    ###....


Dungeon Overview and Level Annotations

Branches:
Dungeon (2/15)

Altars:
Nemelex Xobeh


Innate Abilities, Weirdness & Mutations

You have razor-sharp teeth.
You have supernaturally acute eyesight.
You can survive without breathing.


Message History

The worm is lightly wounded.
The worm bites you!
* * * LOW HITPOINT WARNING * * *
You hit the worm but do no damage.
The worm is lightly wounded.
You barely miss the worm.
The worm is lightly wounded.
The worm closely misses you.
You hit the worm.
The worm is lightly wounded.
You barely miss the worm.
The worm is lightly wounded.
The worm bites you.
* * * LOW HITPOINT WARNING * * *
You hit the worm but do no damage.
The worm is lightly wounded.
You hit the worm but do no damage.
The worm is lightly wounded.
The worm bites you.
You die...

#.####### #.......#
#######.# #.# #.# #
#.###### #.######
#....(.#
#......########.##
#..w@..'..รท......#
#......###########
#......+ #......#
##.....# #####..
#... #.$..


You could see a worm.

Vanquished Creatures
  An ooze (D:1)
  2 giant geckos (D:1)
  2 giant cockroaches (D:1)
  2 goblins (D:1)
  2 hobgoblins (D:1)
  5 jackals
  4 kobolds (D:1)
  4 bats (D:1)
  2 giant newts
  A rat (D:1)
25 creatures vanquished.

Notes
Turn   | Place    | Note
--------------------------------------------------------------
     0 | D:1      | dohliylev the Vampire Enchanter began the quest for the Orb.
     0 | D:1      | Reached XP level 1. HP: 13/13 MP: 3/3
   111 | D:1      | Reached skill level 5 in Stealth
   448 | D:1      | Reached XP level 2. HP: 14/19 MP: 1/5
   646 | D:1      | Learned a level 2 spell: Ensorcelled Hibernation
   660 | D:1      | Found a sparkling altar of Nemelex Xobeh.
   693 | D:1      | Reached skill level 6 in Stealth
   728 | D:1      | Reached XP level 3. HP: 10/25 MP: 0/6
   981 | D:2      | Slain by a worm

Vault maps used:
D:1:      minmay_arrival_open_corners, serial_bayou_pond_d,
          nemelex_xobeh_ov_fountains_minmay

Skill      XL: |  1  2 |
---------------+-------+-----
Stealth        | 5 6 |  6.3
Fighting       | |  0.6
Short Blades   | |  1.1
Dodging        | |  2.1
Spellcasting   | |  2.0
Hexes          | |  4.4

Action                   || total
-------------------------++-------
Melee: Dagger            ||    81
 Cast: Corona            ||    14
       Ensorcelled Hiber ||     4
  Use: Scroll            ||     3
 Stab: Sleeping          ||    11
  Eat: Corpse            ||     1
